 Dungeon Crawl Stone Soup version 0.22.0-6-g71bd7aa6b3 (console) character file.

2588475 Garrluk the Evocator (level 23, 211/211 HPs)
             Began as a Deep Dwarf Berserker on Aug 14, 2018.
             Was a Priest of Trog.
             Escaped with the Orb
             ... and 3 runes!
             The game lasted 03:09:01 (30706 turns).

Garrluk the Evocator (Deep Dwarf Berserker)        Turns: 30706, Time: 03:09:01

Health: 211/211    AC: 41    Str: 22    XL:     23   Next: 68%
Magic:  25/25      EV:  6    Int: 15    God:    Trog [***...]
Gold:   2033       SH: 23    Dex: 18    Spells: 22/22 levels left

rFire    + + .     SeeInvis .   f - +9 broad axe (vamp)
rCold    + + +     Gourm    .   x - +0 large shield
rNeg     + . .     Faith    .   Z - +4 gold dragon scales
rPois    +         Spirit   .   n - +0 helmet "Qokh" {rF+ rC+ Str-2 Int+2}
rElec    .         Reflect  .   m - +2 cloak
rCorr    .         Harm     .   U - +2 pair of gloves
MR       ++++.                  I - +0 pair of boots
Stlth    ..........             g - amulet of Moodiness {RegenMP rPois rC+}
HPRegen  0.00/turn              S - ring of protection from magic
MPRegen  0.44/turn              X - ring "Kougo" {rC+ Int+2 Slay+2}

@: non-regenerating, hasted, very quick
A: damage resistance, heal wounds, iridescent scales 1, thin skeletal structure
1, agile 1, cold resistance 1, deterioration 2, frail 1, negative energy
resistance 1, sense surroundings 3, shaggy fur 1, weak 1, no regeneration
0: Orb of Zot
}: 3/15 runes: decaying, silver, gossamer
a: Heal Wounds, Berserk, Trog's Hand, Renounce Religion


You escaped.
You worshipped Trog.
Trog was most pleased with you.
You were full.

You visited 8 branches of the dungeon, and saw 46 of its levels.
You also visited: Labyrinth and Ice Cave.

You collected 3855 gold pieces.
You spent 1822 gold pieces at shops.

Inventory:

Hand Weapons
 f - a +9 vampiric broad axe (weapon)
 V - a +2 antimagic broad axe
Missiles
 p - 3 steel javelins
 r - a javelin of returning (quivered)
 s - 6 javelins of penetration
 w - 2 throwing nets
Armour
 k - a +0 hat of magic resistance
 m - a +2 cloak (worn)
 n - the +0 helmet "Qokh" (worn) {rF+ rC+ Str-2 Int+2}
   (You found it on level 5 of the Dungeon)

   It affects your strength (-2).
   It affects your intelligence (+2).
   It protects you from fire.
   It protects you from cold.
 x - a +0 large shield (worn)
 F - +0 storm dragon scales
 I - a +0 pair of boots (worn)
 U - a +2 pair of gloves (worn)
 Z - +4 gold dragon scales (worn)
Jewellery
 g - the amulet of Moodiness (around neck) {RegenMP rPois rC+}
   (You took it off a vault warden on level 5 of the Vaults)

   [amulet of magic regeneration]

   It increases your magic regeneration.
   It protects you from cold.
   It protects you from poison.
 u - an uncursed ring of see invisible
 S - a ring of protection from magic (left hand)
 T - an uncursed ring of positive energy
 X - the ring "Kougo" (right hand) {rC+ Int+2 Slay+2}
   (You bought it in a shop on level 12 of the Dungeon)

   [ring of protection from cold]

   It affects your intelligence (+2).
   It affects your accuracy and damage with ranged weapons and melee attacks
   (+2).
   It protects you from cold.
Wands
 q - a wand of iceblast (11)
 A - a wand of enslavement (52)
 B - a wand of disintegration (12)
 E - a wand of paralysis (43)
 K - a wand of polymorph (13)
 N - a wand of digging (13)
Scrolls
 a - a scroll of fear
 e - a scroll of identify
 h - a scroll of blinking
 i - 3 scrolls of summoning
 j - a scroll of holy word
 o - 11 scrolls of remove curse
 t - a scroll of magic mapping
 y - 7 scrolls of teleportation
 D - 3 scrolls of fog
 R - a scroll of silence
Potions
 d - 3 potions of mutation
 l - 2 potions of might
 v - 3 potions of flight
 C - 5 potions of agility
 G - 2 potions of ambrosia
 L - 3 potions of invisibility
 M - 2 potions of resistance
 Q - 4 potions of cancellation
 W - 6 potions of curing
Miscellaneous
 z - a sack of spiders
 O - a lightning rod (4/4)
 P - a lamp of fire
Comestibles
 c - 27 rations


   Skills:
 * Level 20.1 Fighting
 - Level 19.1 Axes
 - Level 5.6 Throwing
 + Level 19.3 Armour
 - Level 2.1 Dodging
 + Level 19.1 Shields
 + Level 23.1 Evocations


You had 22 spell levels left.
You didn't know any spells.
Your spell library contained the following spells:

 Spells                   Type           Power        Failure   Level  Hunger
 Magic Dart               Conj           #...         100%        1    ##.....
 Conjure Flame            Conj/Fire      #.......     100%        3    ####...
 Slow                     Hex            #.......     100%        2    ###....
 Mephitic Cloud           Conj/Pois/Air  #.......     100%        3    ####...
 Blink                    Tloc           N/A          100%        2    ###....
 Call Imp                 Summ           #.......     100%        2    ###....
 Summon Demon             Summ           #.........   100%        5    ######.
 Recall                   Summ/Tloc      N/A          100%        3    ####...
 Shadow Creatures         Summ           N/A          100%        6    #######
 Aura of Abjuration       Summ           #.........   100%        5    ######.
 Summon Forest            Summ/Tloc      #.........   100%        5    ######.
 Summon Mana Viper        Hex/Summ       #.......     100%        5    ######.


Dungeon Overview and Level Annotations

Branches:
Dungeon (15/15)            Temple (0/1) D:5            Lair (6/6) D:8
  Swamp (4/4) Lair:4       Spider (4/4) Lair:3        Slime (0/5) Lair:5
    Orc (2/2) D:9             Elf (0/3) Orc:2        Vaults (5/5) D:13
  Crypt (0/3) Vaults:3     Depths (5/5) D:15            Zot (5/5) Depths:5

Altars:
Ashenzari
Okawaru
Qazlal
Trog
Uskayaw
Vehumet
Yredelemnul
Zin
Beogh

Shops:
D:7 *([   D:9 [   D:12 [[*   Orc:2 =(*[   Vaults:4 }

Portals:
Hell: Depths:3 Depths:4 Depths:5
Abyss: Depths:4
Ziggurat: Depths:3

Annotations:
Lair:5 exclusion: 3 oklob plants
Depths:2 2 runed doors, Tyzaot's ghost, veteran CeHu
Zot:5 3 runed doors, Plog's ghost, veteran DDFi


Innate Abilities, Weirdness & Mutations

You are resistant to damage.
You can heal yourself by infusing magical energy.
You resist negative energy. (rN+)
You passively map a large area around you.
You do not regenerate.
You are partially covered in iridescent scales. (AC +2)
You have a somewhat thin skeletal structure. (Dex +2, Stealth)
You are agile. (Dex +2)
Your flesh is cold resistant. (rC+)
Your body often deteriorates upon taking damage.
You are frail. (-10% HP)
You are covered in fur. (AC +1)
You are weak. (Str -2)


Message History

Evoke which item? (* to show all) (? for menu, Esc to quit)
Aiming: Dig
Press: ? - help, Shift-Dir - straight line A rock wall.
This square is covered in magical glow.
The rock shatters into small pieces.
You feel yourself speed up.
A soul eater comes into view.
There is a stone staircase leading up here.
You climb upwards.
There is a stone staircase leading down here.
Unknown command.
Evoke which item? (* to show all) (? for menu, Esc to quit)
Aiming: Dig
Press: ? - help, Shift-Dir - straight line A rock wall.
This square is covered in magical glow.
The rock shatters into small pieces.
There is a staircase leading out of the dungeon here.
You have escaped!

####...†)..##.....)......##......
####.##.......#.#.###.........
#.#........#.#.# ####....(.
###.#..........#.# #......
#...#........###.### #######
#....[..>....# #...#
##.####.......# ###)####
#..####.......# #..†...#
##....#.######## ######.#
#..##..♣♣♣♣♣♣♣♣♣♣♣♣♣♣♣..#
#####.........@.........#
*#.#.♣♣♣♣♣♣♣♣♣♣♣♣♣♣♣.## #.####
### #.# #.# ##


There were no monsters in sight!

Vanquished Creatures
  3 orbs of fire (Zot:5)
  A pandemonium lord (D:15)
  2 curse toes
  4 caustic shrikes (Depths:4)
  6 Killer Klowns (Zot:5)
  11 golden dragons
  Nikola (Spider:2)
  2 bone dragons (Depths:5)
  2 electric golems (Zot:5)
  Rupert (Orc:2)
  7 tentacled monstrosities
  24 Orb Guardians
  3 titans (Vaults:5)
  2 liches (Depths:3)
  2 quicksilver dragons
  3 death cobs (Zot:5)
  Gastronok (D:8)
  4 shadow dragons
  2 sphinxes
  5 tengu reavers
  5 storm dragons
  3 draconian monks
  3 draconian scorchers
  4 fire giants
  4 frost giants
  An iron dragon (Depths:5)
  4 draconian knights
  10 vault wardens
  3 deep elf sorcerers (Vaults:5)
  8 ghost moths
  An emperor scorpion (Spider:4)
  4 draconian shifters
  4 draconian stormcallers
  2 angels
  2 deep elf elementalists (Vaults:5)
  A juggernaut zombie (D:15)
  An orc warlord (Orc:2)
  8 ironheart preservers
  2 draconian annihilators
  13 very ugly things
  A caustic shrike skeleton (Depths:1)
  11 stone giants
  An entropy weaver (Vaults:4)
  9 black draconians
  A deep elf annihilator (Vaults:5)
  13 red draconians
  A lorocyproca (D:9)
  6 green draconians
  9 spark wasps
  11 yellow draconians
  A dire elephant (shapeshifter) (Vaults:5)
  11 ettins
  8 purple draconians
  A minotaur (Lab)
  4 white draconians
  2 deep elf death magi
  Snorg (Orc:2)
  Josephine (D:13)
  6 fire dragons
  10 ogre magi
  10 yaktaur captains
  4 deep elf high priests
  7 great orbs of eyes
  A hell beast (Zot:3)
  7 hydras
  Harold (D:8)
  A spriggan air mage (Depths:3)
  11 ice dragons
  4 ghost crabs
  2 catoblepae
  29 vault guards
  Erica (D:8)
  5 centaur warriors
  5 deep troll earth magi
  6 alligators
  A queen ant (shapeshifter) (Vaults:4)
  3 tengu warriors
  22 two-headed ogres
  4 death yaks
  8 deep troll shamans
  A large abomination (D:15)
  2 deep elf knights (D:12)
  2 spriggan berserkers
  A vampire mage (D:15)
  2 orc high priests (Orc:2)
  A spriggan (Swamp:1)
  2 sun demons
  A shadow wraith (Vaults:4)
  A hell knight (Depths:5)
  2 iron trolls (Depths:5)
  2 unseen horrors
  2 sixfirhies
  2 skeletal warriors (D:15)
  A death drake (Swamp:4)
  14 deep trolls
  A swamp dragon (Swamp:3)
  3 wizards
  3 necromancers
  4 spectral hydras (Swamp:4)
  2 deep elf archers (D:12)
  9 ironbrand convokers
  11 orc knights
  A shambling mangrove (Swamp:3)
  5 phantasmal warriors
  2 lindwurms (Lair:6)
  14 orb spiders
  18 ugly things
  2 manticores (Lair:6)
  5 orc sorcerers
  20 deep elf magi
  5 cyclopes
  14 moths of wrath
  A sphinx skeleton (Depths:1)
  A salamander (Depths:3)
  23 wolf spiders
  4 black mambas
  Joseph (D:8)
  A black mamba (shapeshifter) (Vaults:4)
  A rust devil (Zot:1)
  12 gargoyles
  11 vault sentinels
  2 elephants (Lair:6)
  An ice statue (IceCv)
  9 spiny frogs
  2 torpor snails
  An orange demon (D:15)
  A centaur skeleton (D:15)
  8 rime drakes
  A yaktaur zombie (D:15)
  5 swamp worm zombies (Swamp:4)
  4 kobold demonologists
  5 freezing wraiths
  2 spriggan zombies
  36 yaktaurs
  2 komodo dragons
  4 demonic crawlers
  A red devil (D:4)
  6 hydra zombies (Swamp:4)
  4 tengu conjurers
  23 jumping spiders
  15 trolls
  A queen bee (D:12)
  A meliai (shapeshifter) (Depths:5)
  2 tyrant leeches
  11 polar bears (IceCv)
  9 hornets
  A troll (shapeshifter) (Vaults:4)
  7 blink frogs
  3 alligator zombies (Swamp:4)
  A tengu simulacrum (Vaults:3)
  5 bog bodies
  21 slime creatures
  2 dream sheep (Lair:6)
  6 hippogriffs
  3 spectral swamp dragons (Swamp:4)
  A deep troll zombie (D:15)
  70 redbacks
  A redback (shapeshifter) (Vaults:4)
  5 wraiths
  Sigmund (D:4)
  15 tarantellas
  4 shadows
  54 yaks
  A human (shapeshifter) (Vaults:5)
  3 water elementals
  10 basilisks
  6 hungry ghosts
  A human simulacrum (Vaults:3)
  A human (D:11)
  2 wargs
  15 vampire mosquitoes
  4 swamp worms
  A human zombie (Vaults:3)
  7 insubstantial wisps
  11 water moccasins
  An acid dragon (D:15)
  A deep troll skeleton (Vaults:3)
  10 porcupines
  35 orc warriors
  2 hornet zombies
  5 ice beasts
  A sky beast (D:9)
  8 phantoms
  2 black bears (D:8)
  An eye of draining (shapeshifter) (Depths:1)
  27 wolves
  5 centaurs
  A swamp dragon zombie (Swamp:4)
  21 ogres
  8 crocodiles
  2 big kobolds
  A gnoll sergeant (D:7)
  11 bullfrogs
  A water moccasin skeleton (D:12)
  2 scorpions
  15 electric eels
  5 crimson imps
  3 hounds
  A jelly (D:10)
  2 quasits
  A bullfrog zombie (D:9)
  2 centaur zombies
  A bullfrog skeleton (D:12)
  9 orc priests
  3 iguanas
  13 orc wizards
  8 worker ants
  A hound skeleton (D:4)
  A howler monkey zombie (D:7)
  4 gnolls
  7 adders
  A swamp drake zombie (Swamp:4)
  5 shadow imps
  2 oozes
  An adder skeleton (D:6)
  2 dart slugs
  7 leopard geckos
  65 orcs
  7 giant cockroaches
  7 hobgoblins
  10 jackals
  21 kobolds
  9 quokkas
  A ball python (D:1)
  7 bats
  7 frilled lizards
  7 goblins
  9 rats
  5 crawling corpses
  4 fungi
  2 plants
  A withered plant (D:15)
1438 creatures vanquished.

Vanquished Creatures (collateral kills)
  A bone dragon (Swamp:4)
  A vault warden (Vaults:5)
  An ironbrand convoker (Vaults:5)
  An orc knight (Orc:2)
  2 trolls (Orc:2)
  A warg (Orc:2)
  4 orc warriors (Orc:2)
11 creatures vanquished.

Vanquished Creatures (others)
  A caustic shrike (Depths:4)
  A draconian shifter (Zot:4)
  A yaktaur captain (Vaults:4)
  A vault guard (Vaults:5)
  3 spriggans (Swamp:3)
  A deep elf archer (Vaults:4)
  A moth of wrath (Zot:5)
  2 yaktaurs
  2 polar bears (IceCv)
  2 hornets (Swamp:3)
  A hippogriff (D:13)
  A fire bat (shapeshifter) (Depths:3)
  A swamp worm (Swamp:4)
  2 insubstantial wisps
  A wolf (IceCv)
  An orc wizard (D:12)
  10 fungi
  8 plants
  3 withered plants (D:15)
43 creatures vanquished.

Grand Total: 1492 creatures vanquished

Notes
Turn   | Place    | Note
-------+----------+-------------------------------------------
     0 | D:1      | Garrluk the Deep Dwarf Berserker began the quest for the Orb.
     0 | D:1      | Reached XP level 1. HP: 20/20 MP: 1/1
   131 | D:1      | Reached XP level 2. HP: 27/27 MP: 2/2
   277 | D:1      | Reached ** piety under Trog
   382 | D:1      | Reached XP level 3. HP: 33/33 MP: 3/3
   650 | D:2      | Reached skill level 5 in Axes
   698 | D:2      | Noticed a bullfrog
   709 | D:2      | Killed a bullfrog
   709 | D:2      | Reached XP level 4. HP: 40/40 MP: 4/4
   776 | D:2      | Reached XP level 5. HP: 34/46 MP: 5/5
   901 | D:3      | Reached *** piety under Trog
  1091 | D:5      | Entered Level 5 of the Dungeon
  1098 | D:5      | Got a fine helmet
  1104 | D:5      | Identified the cursed +0 helmet "Qokh" {rF+ rC+ Str-2 Int+2} (You found it on level 5 of the Dungeon)
  1331 | D:5      | Reached XP level 6. HP: 48/55 MP: 6/6
  1398 | D:6      | Got a transparent long sword
  1399 | D:6      | Identified the cursed +1 long sword "Viymonov" {flame, Str+4 Dex+6} (You found it on level 6 of the Dungeon)
  1573 | D:6      | Reached XP level 7. HP: 37/61 MP: 7/7
  1679 | D:7      | Found Oxufaf's Armour Shoppe.
  1682 | D:7      | Bought a +0 cloak for 67 gold pieces
  1799 | D:7      | Found an iron altar of Okawaru.
  1813 | D:7      | Found a basalt altar of Yredelemnul.
  1825 | D:7      | Noticed a hippogriff
  1838 | D:7      | Killed a hippogriff
  1869 | D:7      | Found Patiedd's Weapon Shoppe.
  2016 | D:7      | Found Qujip's Assorted Antiques.
  2137 | D:7      | Reached skill level 10 in Axes
  2244 | D:8      | Noticed Joseph
  2262 | D:8      | Killed Joseph
  2262 | D:8      | Reached skill level 1 in Throwing
  2262 | D:8      | Reached XP level 8. HP: 43/69 MP: 8/8
  2308 | D:8      | Gained mutation: You are weak. (Str -2) [potion of mutation]
  2308 | D:8      | Gained mutation: You have a somewhat thin skeletal structure. (Dex +2, Stealth) [potion of mutation]
  2308 | D:8      | Gained mutation: You are partially covered in iridescent scales. (AC +2) [potion of mutation]
  2476 | D:8      | Found a glowing silver altar of Zin.
  2544 | D:8      | Noticed Gastronok
  2576 | D:8      | Killed Gastronok
  2576 | D:8      | Reached skill level 5 in Throwing
  2576 | D:8      | Gained mutation: You passively map the area around you. [Deep Dwarf growth]
  2576 | D:8      | Reached XP level 9. HP: 45/76 MP: 9/9
  2621 | D:8      | Found a radiant altar of Vehumet.
  2703 | D:8      | Reached XP level 10. HP: 84/84 MP: 10/10
  2714 | D:8      | Found a bloodstained altar of Trog.
  2714 | D:8      | Noticed a deep elf mage
  2716 | D:8      | Noticed a deep elf mage
  2720 | D:8      | Noticed a sixfirhy
  2732 | D:8      | Killed a deep elf mage
  2732 | D:8      | Reached skill level 2 in Evocations
  2733 | D:8      | Killed a deep elf mage
  2733 | D:8      | Reached skill level 3 in Evocations
  2788 | D:8      | Reached skill level 4 in Evocations
  2804 | D:8      | Reached skill level 5 in Evocations
  2811 | D:8      | Found a staircase to the Lair.
  2855 | D:8      | Noticed Harold
  2870 | D:8      | Killed Harold
  2870 | D:8      | Reached skill level 6 in Evocations
  2911 | D:8      | Noticed Erica
  2921 | D:8      | Killed Erica
  2921 | D:8      | Reached skill level 7 in Evocations
  3368 | Lair:1   | Entered Level 1 of the Lair of Beasts
  3449 | Lair:1   | Noticed a spiny frog
  3456 | Lair:1   | Killed a spiny frog
  3456 | Lair:1   | Reached skill level 8 in Evocations
  3518 | Lair:2   | Noticed a spiny frog
  3523 | Lair:2   | Killed a spiny frog
  3523 | Lair:2   | Reached skill level 1 in Shields
  3523 | Lair:2   | Reached XP level 11. HP: 81/90 MP: 17/17
  3773 | Lair:2   | Reached skill level 15 in Axes
  3781 | Lair:2   | Reached skill level 9 in Evocations
  3955 | Lair:3   | Found a hole to the Spider Nest.
  4255 | Lair:3   | Reached **** piety under Trog
  4435 | Lair:3   | Reached skill level 10 in Evocations
  4616 | Lair:3   | Reached skill level 5 in Armour
  4872 | Lair:4   | Noticed a five-headed hydra
  4892 | Lair:4   | Killed a one-headed hydra
  4917 | Lair:4   | Found a staircase to the Swamp.
  4959 | Lair:4   | Reached XP level 12. HP: 97/97 MP: 18/20
  5105 | Lair:4   | Reached skill level 5 in Shields
  5676 | Lair:5   | Found a labyrinth entrance.
  5687 | Lair:5   | Found a staircase to the Slime Pits.
  5706 | Lab      | Entered a labyrinth
  6059 | Lab      | Reached skill level 11 in Evocations
  6968 | Lab      | Noticed a minotaur
  6978 | Lab      | Killed a minotaur
  7815 | Lair:6   | Entered Level 6 of the Lair of Beasts
  8089 | Lair:6   | Noticed a death yak
  8092 | Lair:6   | Noticed a death yak
  8116 | Lair:6   | Killed a death yak
  8116 | Lair:6   | Reached skill level 12 in Evocations
  8126 | Lair:6   | Killed a death yak
  8138 | Lair:6   | Noticed a catoblepas
  8149 | Lair:6   | Reached XP level 13. HP: 82/103 MP: 22/22
  8827 | D:9      | Received a gift from Trog
  9036 | D:9      | Found Ydymif's Armour Emporium.
  9053 | D:9      | Found a staircase to the Orcish Mines.
  9061 | Orc:1    | Entered Level 1 of the Orcish Mines
  9330 | Orc:1    | Found a roughly hewn altar of Beogh.
  9340 | Orc:1    | Reached ***** piety under Trog
  9473 | Orc:2    | Entered Level 2 of the Orcish Mines
  9594 | Orc:2    | Found Zoxtidgh's Antique Weapon Shoppe.
  9594 | Orc:2    | Noticed an orc warlord
  9620 | Orc:2    | Killed an orc warlord
  9728 | Orc:2    | Reached skill level 13 in Evocations
  9735 | Orc:2    | Found Ruycai's General Store.
  9812 | Orc:2    | Received a gift from Trog
  9868 | Orc:2    | Found Iggymn's Jewellery Boutique.
  9908 | Orc:2    | Noticed Rupert
  9932 | Orc:2    | Noticed Snorg
 10016 | Orc:2    | Killed Rupert
 10025 | Orc:2    | Found a staircase to the Elven Halls.
 10042 | Orc:2    | Killed Snorg
 10042 | Orc:2    | Received a gift from Trog
 10162 | Orc:2    | Gained mutation: You resist negative energy. (rN+) [Deep Dwarf growth]
 10162 | Orc:2    | Reached XP level 14. HP: 100/111 MP: 24/24
 10185 | Orc:2    | Found Havyoq's Antique Armour Shop.
 10311 | Orc:2    | Bought a scroll of silence for 127 gold pieces
 10311 | Orc:2    | Bought a potion of curing for 51 gold pieces
 10311 | Orc:2    | Bought a scroll of enchant weapon for 127 gold pieces
 10311 | Orc:2    | Bought 2 scrolls of summoning for 323 gold pieces
 10890 | D:10     | Entered Level 10 of the Dungeon
 11714 | D:11     | Found a hide-covered altar of Uskayaw.
 12836 | D:12     | Found Voppueme's Antique Armour Shoppe.
 12839 | D:12     | Bought a pair of embroidered gloves for 300 gold pieces
 12839 | D:12     | Bought a heavily runed helmet for 380 gold pieces
 12849 | D:12     | Identified the +0 helmet "Buozec" {rF+ Int+2} (You bought it in a shop on level 12 of the Dungeon)
 12985 | D:12     | Reached skill level 10 in Armour
 13095 | D:12     | Received a gift from Trog
 13176 | D:12     | Reached skill level 14 in Evocations
 13284 | D:12     | Found Ytuge's Assorted Antiques.
 13303 | D:12     | Bought a coiled bone ring for 145 gold pieces
 13303 | D:12     | Bought a scroll labeled ZACWIS ISTEAKH for 29 gold pieces
 13305 | D:12     | Bought an inky potion for 26 gold pieces
 13328 | D:12     | Noticed Sonja
 13329 | D:12     | Noticed Sonja
 13329 | D:12     | Sonja changed into Sonja the queen bee
 13341 | D:12     | Killed Sonja the queen bee
 13458 | D:12     | Reached ****** piety under Trog
 13464 | D:12     | Identified the ring "Kougo" {rC+ Int+2 Slay+2} (You bought it in a shop on level 12 of the Dungeon)
 13540 | D:12     | Found Edeu's Antique Armour Shoppe.
 13544 | D:12     | Bought a pair of embroidered gloves for 247 gold pieces
 13898 | D:13     | Reached skill level 10 in Shields
 13979 | D:13     | Found a frozen archway.
 13989 | IceCv    | Entered an ice cave
 14074 | IceCv    | Received a gift from Trog
 14399 | IceCv    | Noticed a frost giant
 14429 | IceCv    | Killed a frost giant
 14578 | D:13     | Reached XP level 15. HP: 116/122 MP: 25/25
 14597 | D:13     | Reached skill level 5 in Fighting
 14629 | D:13     | Found a gate to the Vaults.
 14766 | D:13     | Received a gift from Trog
 14843 | D:13     | Noticed Josephine
 14853 | D:13     | Killed Josephine
 15399 | D:14     | Received a gift from Trog
 15478 | D:14     | Reached skill level 15 in Evocations
 15597 | D:15     | Entered Level 15 of the Dungeon
 15597 | D:15     | Found a shattered altar of Ashenzari.
 16189 | D:15     | Found a staircase to the Depths.
 16486 | D:14     | Upgraded the game from 0.22.0-5-gf09313c8f9 to 0.22.0-6-g71bd7aa6b3
 16744 | Spider:1 | Entered Level 1 of the Spider Nest
 17018 | Spider:1 | Received a gift from Trog
 17197 | Spider:2 | Received a gift from Trog
 17232 | Spider:2 | Noticed Nikola
 17251 | Spider:2 | Killed Nikola
 17660 | Spider:3 | Reached XP level 16. HP: 141/141 MP: 27/27
 17953 | Spider:4 | Entered Level 4 of the Spider Nest
 17983 | Spider:4 | Reached skill level 16 in Evocations
 18336 | Spider:4 | Received a gift from Trog
 18527 | Spider:4 | Received a gift from Trog
 18574 | Spider:4 | Received a gift from Trog
 18722 | Spider:4 | Reached skill level 10 in Fighting
 18797 | Spider:4 | Got a gossamer rune of Zot
 19177 | Swamp:1  | Entered Level 1 of the Swamp
 19398 | Swamp:2  | Received a gift from Trog
 19551 | Swamp:4  | Entered Level 4 of the Swamp
 19807 | Swamp:4  | Reached XP level 17. HP: 67/156 MP: 28/28
 19816 | Swamp:4  | Received a gift from Trog
 20046 | Swamp:4  | Reached skill level 17 in Evocations
 20293 | Swamp:4  | Received a gift from Trog
 20319 | Swamp:4  | Noticed a bone dragon
 20495 | Swamp:4  | Killed a bone dragon
 20582 | Swamp:4  | Got a decaying rune of Zot
 20966 | Vaults:1 | Entered Level 1 of the Vaults
 21562 | Vaults:3 | Received a gift from Trog
 21788 | Vaults:3 | Received a gift from Trog
 22351 | Vaults:4 | Gained mutation: You passively map a large area around you. [Deep Dwarf growth]
 22351 | Vaults:4 | Reached XP level 18. HP: 160/169 MP: 29/29
 22352 | Vaults:4 | Reached skill level 18 in Evocations
 22498 | Vaults:4 | Received a gift from Trog
 22645 | Vaults:4 | Found Uhaogoniq's Gadget Boutique.
 23033 | Vaults:5 | Entered Level 5 of the Vaults
 23084 | Vaults:5 | Reached skill level 15 in Armour
 23204 | Vaults:4 | HP: 8/174 [quicksilver dragon/bolt of dispelling energy (37)]
 23218 | Vaults:4 | HP: 8/174 [quicksilver dragon/bolt of dispelling energy (12)]
 23442 | Vaults:4 | Received a gift from Trog
 23672 | Vaults:4 | Reached XP level 19. HP: 158/182 MP: 27/27
 23674 | Vaults:4 | Reached skill level 15 in Shields
 23690 | Vaults:5 | Reached skill level 19 in Evocations
 23916 | Vaults:5 | Identified the cursed +0 ice dragon scales of the Slorg {+Inv rF- rC++ MR++} (You took it off a vault warden on level 5 of the Vaults)
 23918 | Vaults:5 | Identified the amulet of Moodiness {RegenMP rPois rC+} (You took it off a vault warden on level 5 of the Vaults)
 24119 | Vaults:5 | Noticed a golden dragon
 24119 | Vaults:5 | Noticed a golden dragon
 24143 | Vaults:5 | Killed a golden dragon
 24147 | Vaults:5 | Killed a golden dragon
 24147 | Vaults:5 | Reached skill level 15 in Fighting
 24161 | Vaults:5 | Got a silver rune of Zot
 24500 | Depths:1 | Entered Level 1 of the Depths
 24510 | Depths:1 | Received a gift from Trog
 24713 | Depths:2 | Found a large runed door.
 24713 | Depths:2 | Found a large runed door.
 24714 | Depths:2 | Noticed Tyzaot's ghost (veteran CeHu)
 24824 | Depths:3 | Found a gateway to a ziggurat.
 24846 | Depths:3 | Received a gift from Trog
 24846 | Depths:3 | Reached XP level 20. HP: 183/196 MP: 28/28
 24876 | Depths:3 | Reached skill level 20 in Evocations
 24967 | Depths:3 | Found a gateway to Hell.
 25476 | Depths:4 | Found a one-way gate to the infinite horrors of the Abyss.
 25555 | Depths:4 | Noticed a caustic shrike
 25555 | Depths:4 | Noticed a caustic shrike
 25556 | Depths:4 | Noticed a caustic shrike
 25556 | Depths:4 | Noticed a caustic shrike
 25556 | Depths:4 | Noticed a caustic shrike
 25561 | Depths:4 | Killed a caustic shrike
 25566 | Depths:4 | Killed a caustic shrike
 25579 | Depths:4 | Killed a caustic shrike
 25598 | Depths:4 | Killed a caustic shrike
 25782 | Depths:5 | Entered Level 5 of the Depths
 25804 | Depths:5 | Received a gift from Trog
 26004 | Depths:5 | Received a gift from Trog
 26083 | Depths:5 | Noticed a bone dragon
 26123 | Depths:5 | Reached XP level 21. HP: 203/207 MP: 30/30
 26243 | Depths:5 | Found a gate to the Realm of Zot.
 26342 | Zot:1    | Entered Level 1 of the Realm of Zot
 26354 | Zot:1    | Reached skill level 21 in Evocations
 26392 | Zot:1    | You fall through a shaft!
 26452 | Zot:2    | Noticed a golden dragon
 26468 | Zot:1    | Received a gift from Trog
 26485 | Zot:1    | Killed a golden dragon
 26736 | Zot:2    | Noticed a golden dragon
 26751 | Zot:2    | Killed a golden dragon
 26800 | Zot:3    | Noticed a golden dragon
 26809 | Zot:3    | Killed a golden dragon
 26859 | Zot:3    | Noticed a curse toe
 26880 | Zot:3    | Killed a curse toe
 27126 | Zot:3    | Found a stormy altar of Qazlal.
 27236 | Zot:3    | Noticed a golden dragon
 27251 | Zot:3    | Killed a golden dragon
 27489 | Zot:4    | Noticed a golden dragon
 27490 | Zot:4    | Noticed a curse toe
 27499 | Zot:4    | Killed a golden dragon
 27520 | Zot:4    | HP: 9/212 [black draconian/bolt of lightning (40)]
 27533 | Zot:4    | Reached XP level 22. HP: 117/220 MP: 30/30
 27812 | Zot:4    | Noticed a golden dragon
 27828 | Zot:4    | Killed a golden dragon
 27922 | Zot:5    | Entered Level 5 of the Realm of Zot
 27949 | Zot:5    | Noticed a curse toe
 27972 | Zot:5    | Killed a curse toe
 27972 | Zot:5    | Reached skill level 22 in Evocations
 28273 | Zot:5    | Noticed a golden dragon
 28283 | Zot:5    | Killed a golden dragon
 28399 | Zot:5    | Noticed a Killer Klown
 28445 | Zot:5    | Killed a Killer Klown
 28482 | Zot:5    | Found a runed gate.
 28482 | Zot:5    | Found a runed gate.
 28571 | Zot:5    | Found a runed gate.
 28578 | Zot:5    | Noticed Plog's ghost (veteran DDFi)
 29012 | Zot:5    | Noticed a golden dragon
 29020 | Zot:5    | Noticed a golden dragon
 29039 | Zot:5    | Killed a golden dragon
 29052 | Zot:5    | Killed a golden dragon
 29064 | Zot:5    | Noticed an orb of fire
 29095 | Zot:5    | Noticed a Killer Klown
 29097 | Zot:5    | Gained mutation: Your body sometimes deteriorates upon taking damage. [an orb of fire]
 29097 | Zot:5    | Noticed a Killer Klown
 29123 | Zot:5    | Noticed a Killer Klown
 29123 | Zot:5    | Noticed a Killer Klown
 29124 | Zot:5    | Noticed an orb of fire
 29134 | Zot:5    | Noticed a Killer Klown
 29139 | Zot:5    | Lost mutation: You are weak. (Str -2) [an orb of fire]
 29140 | Zot:5    | Gained mutation: You are clumsy. (Dex -2) [an orb of fire]
 29140 | Zot:5    | Gained mutation: Your muscles are strong. (Str +2) [an orb of fire]
 29142 | Zot:5    | Noticed an orb of fire
 29142 | Zot:5    | Noticed an orb of fire
 29143 | Zot:5    | Noticed an orb of fire
 29143 | Zot:5    | Noticed a Killer Klown
 29145 | Zot:5    | Gained mutation: You are frail. (-10% HP) [an orb of fire]
 29205 | Zot:5    | Killed a Killer Klown
 29278 | Zot:5    | Killed a Killer Klown
 29356 | Zot:5    | Gained mutation: Scrolls take you a little longer to read. [an orb of fire]
 29364 | Zot:5    | Gained mutation: You are resistant to electric shocks. (rElec) [an orb of fire]
 29394 | Zot:5    | Gained mutation: Your spells are a little easier to cast, but a little less powerful. [an orb of fire]
 29397 | Zot:5    | Gained mutation: Armour fits poorly on your strangely shaped body. [an orb of fire]
 29399 | Zot:5    | Gained mutation: You occasionally shout uncontrollably at your foes. [an orb of fire]
 29404 | Zot:5    | Lost mutation: You occasionally shout uncontrollably at your foes. [an orb of fire]
 29407 | Zot:5    | Gained mutation: You are very frail. (-20% HP) [an orb of fire]
 29408 | Zot:5    | Gained mutation: Scrolls take you longer to read. [an orb of fire]
 29418 | Zot:5    | Killed an orb of fire
 29418 | Zot:5    | Reached XP level 23. HP: 126/185 MP: 29/29
 29435 | Zot:5    | Killed a Killer Klown
 29446 | Zot:5    | Lost mutation: Scrolls take you longer to read. [potion of mutation]
 29446 | Zot:5    | Lost mutation: Your body sometimes deteriorates upon taking damage. [potion of mutation]
 29446 | Zot:5    | Lost mutation: You are very frail. (-20% HP) [potion of mutation]
 29446 | Zot:5    | Lost mutation: Your spells are a little easier to cast, but a little less powerful. [potion of mutation]
 29446 | Zot:5    | Lost mutation: Your muscles are strong. (Str +2) [potion of mutation]
 29446 | Zot:5    | Gained mutation: Your body sometimes deteriorates upon taking damage. [potion of mutation]
 29446 | Zot:5    | Gained mutation: You are covered in fur. (AC +1) [potion of mutation]
 29447 | Zot:5    | Lost mutation: Armour fits poorly on your strangely shaped body. [potion of mutation]
 29447 | Zot:5    | Lost mutation: You are frail. (-10% HP) [potion of mutation]
 29447 | Zot:5    | Lost mutation: Scrolls take you a little longer to read. [potion of mutation]
 29447 | Zot:5    | Lost mutation: You are clumsy. (Dex -2) [potion of mutation]
 29447 | Zot:5    | Gained mutation: You are dopey. (Int -2) [potion of mutation]
 29447 | Zot:5    | Gained mutation: You are agile. (Dex +2) [potion of mutation]
 29447 | Zot:5    | Lost mutation: You are dopey. (Int -2) [potion of mutation]
 29527 | Zot:5    | Gained mutation: You are frail. (-10% HP) [an orb of fire]
 29533 | Zot:5    | Gained mutation: Your body often deteriorates upon taking damage. [an orb of fire]
 29541 | Zot:5    | Killed an orb of fire
 29586 | Zot:5    | Gained mutation: You are weak. (Str -2) [an orb of fire]
 29596 | Zot:5    | Gained mutation: You are very frail. (-20% HP) [an orb of fire]
 29607 | Zot:5    | Gained mutation: You are very weak. (Str -4) [an orb of fire]
 29610 | Zot:5    | Killed an orb of fire
 29611 | Zot:5    | Lost mutation: You are very frail. (-20% HP) [potion of mutation]
 29611 | Zot:5    | Lost mutation: You are resistant to electric shocks. (rElec) [potion of mutation]
 29611 | Zot:5    | Lost mutation: You are very weak. (Str -4) [potion of mutation]
 29611 | Zot:5    | Gained mutation: Your flesh is cold resistant. (rC+) [potion of mutation]
 29666 | Zot:5    | Killed a Killer Klown
 29737 | Zot:5    | Killed a Killer Klown
 29754 | Zot:5    | Got the Orb of Zot
 29771 | Zot:5    | Noticed an ancient lich
 29791 | Zot:4    | Reached skill level 23 in Evocations
 29835 | Zot:4    | Noticed Mamebb the pandemonium lord
 29871 | Zot:3    | Noticed a seraph
 30240 | Depths:1 | Noticed Qaomeutre the pandemonium lord
 30264 | D:15     | Received a gift from Trog
 30297 | D:15     | Killed Qaomeutre the pandemonium lord
 30380 | D:13     | Noticed Moqoa the pandemonium lord
 30580 | D:4      | Noticed Sigmund
 30597 | D:4      | Killed Sigmund
 30706 | D:$      | Escaped with the Orb!

Skill      XL: |  1  2  3  4  5  6  7  8  9 10 11 12 13 14 15 16 17 18 19 20 21 22 23 |
---------------+----------------------------------------------------------------------+-----
Axes           | 4 5 6 7 8 10 13 14 15 17 18 19 | 19.1
Fighting       | 3 4 8 10 12 14 15 16 18 19 20 | 20.1
Armour         | 3 5 7 9 11 12 13 14 15 16 17 18 19 | 19.3
Throwing       | 1 5 |  5.6
Evocations     | 8 10 12 13 14 15 16 17 18 19 20 21 22 23 | 23.1
Shields        | 1 4 7 8 10 11 12 14 15 16 17 18 19 | 19.1
Dodging        | |  2.1

Action                   |  1- 3 |  4- 6 |  7- 9 | 10-12 | 13-15 | 16-18 | 19-21 | 22-24 || total
-------------------------+-------+-------+-------+-------+-------+-------+-------+-------++-------
Melee: Hand axe          |    99 |   152 |       |       |       |       |       |       ||   251
       Long sword        |       |    42 |    90 |    20 |       |       |       |       ||   152
       Broad axe         |       |       |    72 |   633 |  1509 |  1457 |  1462 |  1013 ||  6146
Throw: Javelin           |       |       |       |       |     2 |    14 |     3 |     2 ||    21
       Tomahawk          |       |       |       |       |    23 |       |       |       ||    23
       Throwing net      |       |       |       |       |     1 |       |       |       ||     1
Invok: Berserk           |     2 |       |     5 |     6 |     2 |     2 |     1 |       ||    18
       Trog's Hand       |       |     5 |    11 |    12 |    12 |    29 |    33 |    24 ||   126
       Brothers in Arms  |       |       |       |       |     1 |     1 |     1 |     1 ||     4
 Abil: Heal Wounds       |       |       |       |     1 |     1 |    12 |     8 |    26 ||    48
Evoke: Wand              |       |       |     1 |     4 |    24 |    36 |    11 |    10 ||    86
       Lightning rod     |       |       |       |       |     6 |     4 |       |       ||    10
       Lamp of fire      |       |       |       |       |     2 |     2 |       |     1 ||     5
       Sack of spiders   |       |       |       |       |       |     1 |       |       ||     1
  Use: Scroll            |       |     5 |     3 |     8 |    23 |    17 |    13 |    11 ||    80
       Potion            |       |       |     4 |     2 |     5 |     5 |     2 |    10 ||    28
 Stab: Petrified         |       |       |       |     3 |     1 |       |       |       ||     4
       Distracted        |       |       |       |       |     2 |       |     2 |       ||     4
       Invisible         |       |       |       |       |     1 |       |       |       ||     1
       Held in net/web   |       |       |       |       |     1 |       |       |       ||     1
       Paralysed         |       |       |       |       |       |    14 |     3 |       ||    17
       Confused          |       |       |       |       |       |       |     4 |       ||     4
  Eat: Chunk             |       |     6 |    11 |    20 |    38 |    20 |    26 |     7 ||   128
       Ration            |       |       |     2 |     6 |     1 |     5 |     1 |     6 ||    21
Armor: Animal skin       |     7 |       |       |       |       |       |       |       ||     7
       Leather armour    |    13 |       |       |       |       |       |       |       ||    13
       Ring mail         |    22 |    25 |       |       |       |       |       |       ||    47
       Chain mail        |       |    46 |    33 |       |       |       |       |       ||    79
       Plate armour      |       |       |    84 |   329 |   149 |       |       |       ||   562
       Skin              |       |       |    13 |    31 |       |       |       |       ||    44
       Scale mail        |       |       |       |       |   333 |   758 |   259 |       ||  1350
       Storm dragon scal |       |       |       |       |       |       |   380 |       ||   380
       Gold dragon scale |       |       |       |       |       |       |   139 |   493 ||   632
Dodge: Dodged            |    51 |    91 |    84 |    75 |   307 |   434 |   337 |   130 ||  1509
Block: Large shield      |       |       |       |   363 |  1040 |  1611 |  1408 |   891 ||  5313
       Reflection        |       |       |       |       |       |    24 |       |       ||    24
       Rpst.: Long sword |       |     5 |    16 |     1 |       |       |       |       ||    22
